 Dungeon Crawl Stone Soup version 0.21.1-1-g345015fe64 (webtiles) character file.

157 Ivernyr the Charmwright (level 5, -2/38 HPs)
             Began as a Human Skald on May 2, 2018.
             Killed from afar by an orc wizard (9 damage)
             ... with a magic dart
             ... on level 2 of the Dungeon.
             The game lasted 00:08:04 (2848 turns).

Ivernyr the Charmwright (Human Skald)               Turns: 2848, Time: 00:08:04

Health: -2/38      AC:  6    Str: 12    XL:     5   Next: 66%
Magic:  7/8        EV: 12    Int: 13    God:
Gold:   82         SH:  0    Dex: 13    Spells: 3/8 levels left

rFire    . . .     SeeInvis .   a - +1 falchion
rCold    . . .     Gourm    .   (no shield)
rNeg     . . .     Faith    .   b - +1 leather armour
rPois    .         Spirit   .   q - +0 helmet
rElec    .         Reflect  .   (no cloak)
rCorr    .         Harm     .   f - +0 pair of gloves
MR       .....                  (no boots)
Stlth    +.........             k - amulet of inaccuracy (curse)
HPRegen  0.12/turn              (no ring)
MPRegen  0.11/turn              (no ring)

@: shrouded (expiring)
A: no striking features
a: no special abilities


You were on level 2 of the Dungeon.
You were not hungry.

You visited 1 branch of the dungeon, and saw 3 of its levels.

You collected 82 gold pieces.

Inventory:

Hand Weapons
 a - a +1 falchion (weapon)
Armour
 b - a +1 leather armour (worn)
 f - a +0 pair of gloves (worn)
 q - a +0 helmet (worn)
Jewellery
 k - a cursed amulet of inaccuracy (around neck)
Wands
 p - a wand of clouds (4)
Scrolls
 g - a scroll of teleportation
 m - 3 scrolls of enchant weapon
 o - 3 scrolls of identify
Potions
 e - a potion of magic {unknown}
 h - 5 potions of curing {unknown}
 i - a potion of brilliance {unknown}
 j - 2 potions of lignification {unknown}
 n - a potion of haste {unknown}
Books
 c - a book of Battle

   Spells                             Type                      Level
   a - Infusion                       Charms                       1
   b - Shroud of Golubria             Charms/Translocation         2
   c - Song of Slaying                Charms                       2
   d - Spectral Weapon                Hexes/Charms                 3
   e - Regeneration                   Charms/Necromancy            3
Comestibles
 d - 3 rations


   Skills:
 - Level 2.0 Fighting
 + Level 3.1 Long Blades
 * Level 3.6 Armour
 - Level 2.0 Dodging
 - Level 2.0 Spellcasting
 + Level 3.8 Charms


You had 3 spell levels left.
You knew the following spells:

 Your Spells              Type           Power        Failure   Level  Hunger
a - Shroud of Golubria    Chrm/Tloc      #.........   22%         2    ###....
b - Song of Slaying       Chrm           ##......     10%         2    ###....
c - Infusion              Chrm           ##..         7%          1    ##.....


Dungeon Overview and Level Annotations

Branches:
Dungeon (3/15)

Altars:
Ru
Vehumet


Message History

Your shroud begins to fray at the edges.
The orc wizard barely misses you.
You riposte.
You hit the orc wizard but do no damage.
The orc wizard is moderately wounded.
Your shroud bends the orc wizard's attack away.
You hit the orc wizard.
The orc wizard is heavily wounded.
The orc wizard closely misses you. x2
Unknown command.
You barely miss the orc wizard.
The orc wizard is heavily wounded.
The orc wizard hits you with a dagger.
* * * LOW HITPOINT WARNING * * *
Unknown command.
You barely miss the orc wizard.
The orc wizard is heavily wounded.
The orc wizard barely misses you.
The orc wizard points at you and mumbles some strange words.
The magic dart hits you!
You die...

####...#..#...#..##.##.#.
#...#...._....(..##.#.
####...#..#...#..###.....
#........###.###.# #.#.##
#.........#...#..########
#...[............##.^.PP#
#........##......##.P^P^#
#..#...o.###.....##P._...
#..#...)@# #.....##P...P#
#..#..#[)# ########.P^P^#
#..#.##..# #######
#..#.##..# #########.#
#........#####.........#
####.######......#######
#.# #....#.#
#.######.#..#.#
#...........#.#


You could see an orc wizard.

Vanquished Creatures
  Jessica (D:2)
  Ijyb (D:2)
  An orc wizard (D:2)
  2 oozes
  2 worms (D:2)
  A dart slug (D:2)
  2 leopard geckos
  2 orcs
  6 giant cockroaches
  9 goblins
  4 hobgoblins
  6 jackals
  A quokka (D:2)
  3 ball pythons (D:1)
  7 bats
  2 frilled lizards
  8 kobolds
  3 rats
61 creatures vanquished.

Notes
Turn   | Place    | Note
-------+----------+-------------------------------------------
     0 | D:1      | Ivernyr the Human Skald began the quest for the Orb.
     0 | D:1      | Reached XP level 1. HP: 16/16 MP: 3/3
   129 | D:1      | Reached XP level 2. HP: 22/22 MP: 5/5
   133 | D:1      | Learned a level 2 spell: Song of Slaying
   136 | D:1      | Learned a level 2 spell: Shroud of Golubria
   648 | D:1      | Reached XP level 3. HP: 26/27 MP: 6/6
  1381 | D:2      | Reached XP level 4. HP: 33/33 MP: 7/7
  1611 | D:2      | Found a radiant altar of Vehumet.
  2060 | D:2      | Found a sacrificial altar of Ru.
  2095 | D:3      | Noticed Jessica
  2112 | D:2      | Killed Jessica
  2112 | D:2      | Reached XP level 5. HP: 27/38 MP: 2/8
  2227 | D:3      | Noticed Ijyb
  2270 | D:2      | Killed Ijyb
  2848 | D:2      | Killed from afar by an orc wizard

Skill      XL: |  1  2  3  4  5 |
---------------+----------------+-----
Armour         | 2 3 |  3.6
Long Blades    | 3 |  3.1
Fighting       | |  2.0
Dodging        | |  2.0
Spellcasting   | |  2.0
Charms         | |  3.8

Action                   |  1- 3 |  4- 6 || total
-------------------------+-------+-------++-------
Melee: Falchion          |   136 |   187 ||   323
 Cast: Shroud of Golubri |     4 |    11 ||    15
  Use: Scroll            |     3 |       ||     3
  Eat: Chunk             |     2 |     4 ||     6
       Ration            |       |     1 ||     1
Armor: Leather armour    |    50 |    71 ||   121
Dodge: Dodged            |    91 |   128 ||   219
       Rpst.: Falchion   |    35 |    49 ||    84
